 Dungeon Crawl Stone Soup version 0.28-a0-1286-g6bde065e89 (webtiles) character file.

Game seed: 10557036005764606865

32 jbasstz the Poker (level 3, -4/30 HPs)
             Began as a Merfolk Berserker on Dec 26, 2021.
             Was a Follower of Trog.
             Slain by Crazy Yiuf (5 damage)
             ... on level 2 of the Dungeon.
             The game lasted 00:03:07 (1276 turns).

jbasstz the Poker (Merfolk Berserker)               Turns: 1276, Time: 00:03:08

Health: -4/30      AC:  6    Str: 19    XL:     3   Next: 25%
Magic:  3/3        EV: 11    Int:  6    God:    Trog [*.....]
Gold:   26         SH:  0    Dex: 13    Spells: 2/2 levels left

rFire   . . .      SeeInvis .   a - +0 spear
rCold   . . .      Faith    .   (no shield)
rNeg    . . .      Spirit   .   g - +0 ring mail
rPois   .          Reflect  .   (no helmet)
rElec   .          Harm     .   (no cloak)
rCorr   .          Rampage  .   c - +0 pair of gloves
Will    .....                   (no boots)
Stlth   +.........              (no amulet)
HPRegen 0.10/turn               (no ring)
MPRegen 0.08/turn               (no ring)

@: no status effects
A: (nimble swimmer 2), mertail
a: Renounce Religion, Berserk


You were on level 2 of the Dungeon.
You worshipped Trog.
Trog was aware of your devotion.
You visited 1 branch of the dungeon, and saw 2 of its levels.

You collected 26 gold pieces.

Inventory:

Hand Weapons
 a - a +0 spear (weapon)
Armour
 b - a +0 animal skin
 c - a +0 pair of gloves (worn)
 g - a +0 ring mail (worn)
Jewellery
 k - a ring of protection from fire
Scrolls
 f - a scroll of amnesia {unknown}
 i - a scroll of fog {unknown}
Potions
 d - 2 potions of curing {unknown}
 e - a potion of brilliance {unknown}
 h - 2 potions of mutation {unknown}
 j - a potion of heal wounds {unknown}


   Skills:
 + Level 3.8 Fighting
 + Level 5.3 Polearms
 + Level 1.6 Armour
 + Level 2.8 Dodging


You had 2 spell levels left.
You didn't know any spells.
Your spell library was empty.

Dungeon Overview and Level Annotations

Branches:
Dungeon (2/15)

Altars:

Annotations:
D:2 Crazy Yiuf


Innate Abilities, Weirdness & Mutations

((You are very nimble when in or above water. (Stealth+, EV+, Speed+++)))
Your lower body shifts to a powerful aquatic tail in water.


Message History

The ball python bites you. The ball python grabs you.
The ball python constricts you.
You closely miss the ball python.
The ball python is heavily wounded.
The ball python bites you but does no damage.
The ball python constricts you.
You hit the ball python but do no damage.
The ball python is heavily wounded.
The ball python barely misses you. The ball python constricts you.
You hit the ball python.
The ball python is severely wounded.
The ball python closely misses you. The ball python constricts you.
You puncture the ball python!
You kill the ball python!
Trog accepts your kill.
You see here a ball python corpse.
Found a stone staircase leading up.
h - 2 white potions (gained 1)
Found a stone staircase leading down.
You see here a frilled lizard corpse.
Found a stone staircase leading up.
There is a stone staircase leading up here.
Found a mace.
Found a runed translucent door.
Press: ? - help, v - describe, . - travel The floor.
You open the door. You hit Crazy Yiuf but do no damage.
Crazy Yiuf hits you with a +2 quarterstaff of chaos.
You closely miss Crazy Yiuf. You hit Crazy Yiuf.
Crazy Yiuf is lightly wounded.
Crazy Yiuf hits you with a +2 quarterstaff of chaos!
You are electrocuted!!
Ouch! That really hurt!
* * * LOW HITPOINT WARNING * * *
You hit Crazy Yiuf but do no damage.
Crazy Yiuf is lightly wounded.
Crazy Yiuf twirls on the spot.
Crazy Yiuf hits you with a +2 quarterstaff of chaos.
You die...

.............############.#
#.#######..............##.#
#.# #..............##.# #.#
#################.##
#.######## #<.# .........#
##.# .†.......# ### ♣♣###.#
.........# #)..#♣♣ ♣♣.#...#
.........#
#...g@♣♣♣♣......#
.........#
#...#♣..♣......##
#........# ### ♣♣♣.♣..#.##
########## ♣♣♣♣♣###


You could see Crazy Yiuf.

Vanquished Creatures
  A worm (D:2)
  A dart slug (D:1)
  A ball python (D:2)
  4 bats
  2 endoplasms
  2 giant cockroaches (D:1)
  4 goblins
  2 hobgoblins
  2 frilled lizards
  3 kobolds (D:2)
  3 rats (D:1)
25 creatures vanquished.

Notes
Turn   | Place    | Note
-------+----------+-------------------------------------------
     0 | D:1      | jbasstz the Merfolk Berserker began the quest for the Orb.
     0 | D:1      | Reached XP level 1. HP: 18/18 MP: 1/1
   282 | D:1      | Reached XP level 2. HP: 19/24 MP: 2/2
   475 | D:1      | Reached skill level 5 in Polearms
   863 | D:2      | Reached XP level 3. HP: 22/30 MP: 3/3
  1266 | D:2      | Found a runed translucent door.
  1267 | D:2      | Noticed Crazy Yiuf
  1275 | D:2      | HP: 1/30 [Crazy Yiuf (19)]
  1276 | D:2      | Slain by Crazy Yiuf

Illustrated notes

Levels and vault maps discovered:
D:1:      minmay_arrival_cross, layout_basic
D:2:      layout_basic, uniq_crazy_yiuf_cottage, uniq_jessica

Skill      XL: |  1  2 |
---------------+-------+-----
Polearms       | 5 |  5.3
Fighting       | |  3.8
Armour         | |  1.6
Dodging        | |  2.8

Action                   || total
-------------------------++-------
Melee: Spear             ||    89
 Stab: Sleeping          ||     1
Armor: Animal skin       ||     2
       Ring mail         ||    19
Dodge: Dodged            ||    49

Table legend: (Time is in decaauts)
 A = Elapsed time spent in this place.
 B = Non-inter-level travel time spent in this place.
 C = Inter-level travel time spent in this place.
 D = Time resting spent in this place.
 E = Time spent auto-exploring this place.
 F = Levels seen in this place.
 G = Mean time per level.
                   A        B        C        D        E       F      G
               +--------+--------+--------+--------+--------+-----+--------+
         Total |   1263 |   1263 |      0 |    157 |    851 |   2 |  631.5 |
       Dungeon |   1263 |   1263 |      0 |    157 |    851 |   2 |  631.5 |
               +--------+--------+--------+--------+--------+-----+--------+

Top non-repeatable levels by time:
     D:1: 743 daAuts
     D:2: 519 daAuts
